 Dungeon Crawl Stone Soup version 0.30-a0-310-g7d6cbdfea6 (webtiles) character file.

Game seed: 15757327860231792936

6666 Lanoc the Grappler (level 10, 0/100 HPs)
             Began as a Troll Transmuter on Oct 24, 2022.
             Was a High Priest of Makhleb.
             Slain by a killer bee (6 damage)
             ... on level 8 of the Dungeon.
             The game lasted 00:12:39 (7070 turns).

Lanoc the Grappler (Troll Transmuter)               Turns: 7070, Time: 00:12:40

Health: 0/100      AC:  6    Str: 20    XL:     10   Next: 73%
Magic:  9/10       EV: 11    Int: 13    God:    Makhleb [*****.]
Gold:   379        SH:  0    Dex: 10    Spells: 8/11 levels left

rFire   . . .      SeeInvis +      - Unarmed
rCold   . . .      Faith    .    (no shield)
rNeg    . . .      Spirit   .    a - +0 robe
rPois   .          Reflect  .    (helmet restricted)
rElec   .          Harm     .    k - +1 cloak
rCorr   .          Rampage  .    (gloves unavailable)
Will    +....                    (boots unavailable)
Stlth   +.........               (no amulet)
HPRegen 1.16/turn                u - ring of willpower
MPRegen 0.12/turn                c - ring of see invisible

@: mighty, lethally poisoned (0 -> -1), wereblooded, hasted, very quick
A: large, unfitting armour, claws 3, regeneration 1, shaggy fur 1, tough skin 1
a: Renounce Religion, Minor Destruction, Lesser Servant of Makhleb, Major
Destruction, Greater Servant of Makhleb


You were on level 8 of the Dungeon.
You worshipped Makhleb.
Makhleb was extremely pleased with you.
You visited 2 branches of the dungeon, and saw 9 of its levels.
You also visited: Sewer.

You collected 379 gold pieces.

Inventory:

Hand Weapons
 t - a +1 falchion of flaming
Missiles
 n - a curare-tipped dart
Armour
 a - a +0 robe (worn)
 k - a +1 cloak (worn)
Jewellery
 c - a ring of see invisible (right claw)
 u - a ring of willpower (left claw)
 v - a ring of protection from fire
Wands
 r - a wand of flame (24)
 w - a wand of quicksilver (3)
Scrolls
 e - 3 scrolls of immolation
 f - 3 scrolls of enchant armour
 h - a scroll of fear
 j - 3 scrolls of enchant weapon
 q - 5 scrolls of teleportation
 x - a scroll of torment
Potions
 b - 3 potions of lignification
 d - a potion of invisibility
 g - 3 potions of cancellation
 i - a potion of curing
 l - 4 potions of haste
 m - 2 potions of resistance
 o - a potion of brilliance
 p - 2 potions of might


   Skills:
 + Level 6.6 Fighting
 + Level 6.9 Dodging
 * Level 11.7 Unarmed Combat
 - Level 1.2 Spellcasting
 + Level 6.2 Transmutations


You had 8 spell levels left.
You knew the following spells:

 Your Spells              Type           Power      Damage    Failure   Level
d - Wereblood             Tmut           17%        N/A       3%          2
e - Beastly Appendage     Tmut           34%        N/A       1%          1

Your spell library contained the following spells:

 Spells                   Type           Power      Damage    Failure   Level
 Spider Form              Tmut/Pois      8%         N/A       22%         3
 Summon Small Mammal      Summ           0%         N/A       28%         1
 Ice Form                 Ice/Tmut       8%         N/A       58%         4
 Call Canine Familiar     Summ           0%         N/A       63%         3
 Ozocubu's Armour         Ice            0%         N/A       63%         3
 Summon Guardian Golem    Hex/Summ       0%         N/A       63%         3
 Ozocubu's Refrigeration  Ice            0%         4d7       100%        7


Dungeon Overview and Level Annotations

Branches:
Dungeon (8/15)             Temple (1/1) D:6           Sewer (visited)
   Lair: D:8-11

Altars:
Fedhas
Hepliaklqana
Makhleb
Nemelex Xobeh
Sif Muna
Uskayaw
Vehumet

Shops:
D:6 (

Annotations:
D:8 1 transporter, Stoves66's ghost, novice HuNe


Innate Abilities, Weirdness & Mutations

You are too large for most types of armour.
You have claws for hands.
Your natural rate of healing is unusually fast.
You are covered in fur. (AC +1)
You have tough skin. (AC +1)


Message History

Your life force feels restored.
You mangle Stoves66's ghost!!
Stoves66's ghost is heavily damaged.
You feel sick.
You barely miss Stoves66's ghost.
Stoves66's ghost is heavily damaged.
You feel sick.
You closely miss Stoves66's ghost. Your kick misses Stoves66's ghost.
Stoves66's ghost is heavily damaged.
You howl as the wereblood boils in your veins!
You claw Stoves66's ghost! Your kick misses Stoves66's ghost.
Stoves66's ghost is severely damaged.
Your horns disappear.
Your talons disappear.
You feel sick. The killer bee stings you.
You barely miss Stoves66's ghost.
Stoves66's ghost is severely damaged.
The killer bee stings you.
* * * LOW HITPOINT WARNING * * *
Stoves66's ghost hits you.
* * * LOW HITPOINT WARNING * * *
You barely miss Stoves66's ghost.
Stoves66's ghost is heavily damaged.
You feel sick. The killer bee closely misses you. Stoves66's ghost hits you.
* * * LOW HITPOINT WARNING * * *
You are electrocuted!
* * * LOW HITPOINT WARNING * * *
The killer bee barely misses you.
You barely miss Stoves66's ghost.
Stoves66's ghost is heavily damaged.
The killer bee completely misses you.
You closely miss Stoves66's ghost.
Stoves66's ghost is heavily damaged.
You feel sick.
The killer bee stings you but does no damage.
Stoves66's ghost hits you.
* * * LOW HITPOINT WARNING * * *
You completely miss Stoves66's ghost. Your claw misses Stoves66's ghost.
Stoves66's ghost is heavily damaged.
The killer bee stings you.
You die...

........#........................
........#........................
.....................#...........
....................###...#......
....#...............###..###....#
..÷##.......©..............##...#
...#.(#############....##.......#
##...#####..©..#####....#..##....
....###...#..†#†@.###.....####...
.#..##..#.!###.W#y.##.#......#...
.#..###...#...#...###.##.....#...
##...#####!.#..#####............#
###.###...#...#...###....#..#..##
#.##y.#..###..#..##....#.......
#.###y.y#...#.#.###......###...
#..#####yyyy.#####........###..
##..#############..##..#.......


You could see a killer bee and Stoves66's ghost.

Vanquished Creatures
  A two-headed ogre (D:8)
  A queen bee (D:8)
  A troll (D:8)
  Grinder (D:4)
  Sigmund (D:4)
  2 wyverns (D:7)
  Eustachio (D:4)
  A steam dragon (D:8)
  Menkaure (D:7)
  3 water moccasins
  3 ice beasts (D:5)
  2 black bears
  A sky beast (D:6)
  An ogre (D:6)
  2 centaurs
  4 phantoms
  Blork the orc (D:5)
  2 bullfrogs (D:7)
  3 kobold brigands
  A necrophage (D:6)
  3 scorpions
  3 wights (D:8)
  10 killer bees
  A howler monkey (D:8)
  4 jellies
  Crazy Yiuf (D:7)
  2 hounds (D:6)
  6 orc priests
  2 iguanas
  An orc wizard (D:8)
  Robin (D:3)
  7 gnolls
  5 adders
  A river rat (D:3)
  A shadow imp (D:6)
  4 white imps
  3 ufetubi
  A worm (D:2)
  3 dart slugs
  23 orcs
  9 bats
  9 endoplasms
  6 giant cockroaches
  18 goblins
  10 hobgoblins
  7 jackals
  31 kobolds
  5 quokkas
  9 ball pythons
  4 frilled lizards
  9 rats
232 creatures vanquished.

Vanquished Creatures (others)
  A plant (Sewer)
1 creature vanquished.

Grand Total: 233 creatures vanquished

Notes
Turn   | Place    | Note
-------+----------+-------------------------------------------
     0 | D:1      | Lanoc the Troll Transmuter began the quest for the Orb.
     0 | D:1      | Reached XP level 1. HP: 18/18 MP: 1/1
    61 | D:1      | Reached skill level 1 in Fighting
    66 | D:1      | Reached XP level 2. HP: 22/27 MP: 2/2
   254 | D:1      | Reached XP level 3. HP: 33/33 MP: 3/3
   762 | D:2      | Learned a level 2 spell: Wereblood
  1020 | D:2      | Reached XP level 4. HP: 39/41 MP: 4/4
  1171 | D:2      | Found a faded altar of an unknown god.
  1190 | D:2      | Prayed at the altar of an unknown god.
  1190 | D:2      | Became a worshipper of Makhleb the Destroyer
  1190 | D:2      | Reached * piety under Makhleb
  1427 | D:3      | Reached skill level 4 in Unarmed Combat
  1572 | D:3      | Found a glowing drain.
  1585 | Sewer    | Entered a sewer
  1662 | Sewer    | Reached ** piety under Makhleb
  1718 | Sewer    | Reached XP level 5. HP: 48/49 MP: 5/5
  1842 | Sewer    | Reached XP level 6. HP: 51/57 MP: 3/6
  2074 | D:3      | Noticed Robin
  2084 | D:3      | Killed Robin
  2086 | D:3      | Reached skill level 5 in Unarmed Combat
  2504 | D:4      | Noticed Sigmund
  2517 | D:4      | Killed Sigmund
  2575 | D:4      | Reached XP level 7. HP: 66/66 MP: 3/7
  2697 | D:4      | Reached *** piety under Makhleb
  2873 | D:4      | Noticed Eustachio
  2875 | D:4      | Noticed Grinder
  2882 | D:4      | Killed Grinder
  2883 | D:4      | Reached skill level 6 in Unarmed Combat
  2903 | D:4      | Killed Eustachio
  2959 | D:4      | You fall into a shaft and drop 3 floors!
  3020 | D:7      | Noticed Menkaure
  3028 | D:7      | Killed Menkaure
  3029 | D:7      | Reached XP level 8. HP: 74/75 MP: 4/8
  3069 | D:6      | Reached skill level 5 in Fighting
  3069 | D:6      | Reached skill level 10 in Unarmed Combat
  3069 | D:6      | Reached skill level 5 in Transmutations
  3069 | D:6      | Reached XP level 9. HP: 89/89 MP: 9/9
  3199 | D:6      | Found Waoduoj's Antique Weapon Shoppe.
  3282 | D:5      | Entered Level 5 of the Dungeon
  3722 | D:4      | Reached **** piety under Makhleb
  4244 | D:5      | Noticed Blork the orc
  4252 | D:5      | Killed Blork the orc
  4648 | D:6      | Found a staircase to the Ecumenical Temple.
  4691 | Temple   | Entered the Ecumenical Temple
  4764 | D:6      | Reached skill level 11 in Unarmed Combat
  4782 | D:6      | Reached XP level 10. HP: 78/98 MP: 10/10
  6010 | D:7      | Found a runed translucent door.
  6011 | D:7      | Noticed Crazy Yiuf
  6440 | D:7      | Killed Crazy Yiuf
  6528 | D:8      | Noticed a two-headed ogre
  6534 | D:8      | Killed a two-headed ogre
  6611 | D:8      | Noticed Stoves66's ghost (novice HuNe)
  6630 | D:8      | Found a transporter.
  6633 | D:8      | Found a transporter.
  7055 | D:8      | Reached ***** piety under Makhleb
  7069 | D:8      | HP: 5/100 [Stoves66's ghost (3)]
  7070 | D:8      | Slain by a killer bee

Illustrated notes

Levels and vault maps discovered:
D:1:      eino_arrival_cavern_a, layout_basic
D:2:      layout_basic, ebering_ecumenical_altar_sacrificial, serial_glass,
          glass_columns_a, glass_columns_c
D:3:      layout_loops_ring, gup_sewer_entry_bubbles, uniq_robin
D:4:      layout_basic, uniq_sigmund, uniq_grinder, uniq_eustachio
D:5:      layout_basic, uniq_blork_the_orc
D:6:      layout_loops_cross, minmay_temple_entry_proselytizer, serial_shops,
          kennysheep_mini_moat
D:7:      black_bear_nest_1, layout_layer_cave, uniq_menkaure,
          uniq_crazy_yiuf_cottage
D:8:      layout_cave_pools, gammafunk_ghost_hive
Temple:   nicolae_temple_bog_church

Skill      XL: |  1  2  3  4  5  6  7  8  9 10 |
---------------+-------------------------------+-----
Fighting       | 1 2 3 5 6 |  6.6
Dodging        | 2 3 6 |  6.9
Transmutations | 2 3 5 6 |  6.2
Unarmed Combat | 4 5 6 10 11 | 11.7
Spellcasting   | |  1.2

Action                   |  1- 3 |  4- 6 |  7- 9 | 10-12 || total
-------------------------+-------+-------+-------+-------++-------
Melee: Unarmed           |   109 |   178 |   192 |   114 ||   593
       Kick              |       |    11 |    30 |    15 ||    56
       Punch             |       |     2 |     6 |     8 ||    16
       Headbutt          |       |     3 |    27 |     8 ||    38
 Cast: Wereblood         |       |     6 |    13 |    10 ||    29
       Beastly Appendage |       |     7 |    17 |    10 ||    34
  Use: Scroll            |       |     6 |     9 |     1 ||    16
       Potion            |       |       |     5 |     3 ||     8
 Stab: Sleeping          |       |     1 |       |       ||     1
Armor: Robe              |    36 |    60 |    54 |    32 ||   182
Dodge: Dodged            |    59 |    98 |   112 |    58 ||   327

Table legend: (Time is in decaauts)
 A = Elapsed time spent in this place.
 B = Non-inter-level travel time spent in this place.
 C = Inter-level travel time spent in this place.
 D = Time resting spent in this place.
 E = Time spent auto-exploring this place.
 F = Levels seen in this place.
 G = Mean time per level.
                   A        B        C        D        E       F      G
               +--------+--------+--------+--------+--------+-----+--------+
         Total |   7017 |   6756 |    261 |      0 |   5409 |  10 |  701.7 |
       Dungeon |   6702 |   6441 |    261 |      0 |   5217 |   8 |  837.8 |
        Temple |      1 |      1 |      0 |      0 |      0 |   1 |    1.0 |
         Sewer |    313 |    313 |      0 |      0 |    191 |   1 |  313.0 |
               +--------+--------+--------+--------+--------+-----+--------+

Top non-repeatable levels by time:
     D:7: 1291 daAuts
     D:4: 1116 daAuts
     D:6: 898 daAuts
     D:3: 827 daAuts
     D:1: 712 daAuts
     D:2: 685 daAuts
     D:5: 613 daAuts
     D:8: 558 daAuts
   Sewer: 313 daAuts
  Temple: 1 daAuts
